 Dungeon Crawl Stone Soup version 0.18.1-1-g2f07953 (webtiles) character file.

313 TommyAtkins the Chopper (level 6, -1/56 HPs)
             Began as a Minotaur Fighter on May 7, 2016.
             Was an Initiate of Okawaru.
             Slain by an ogre
             ... wielding a +0 giant club
              (21 damage)
             ... on level 4 of the Dungeon.
             The game lasted 00:13:43 (3225 turns).

TommyAtkins the Chopper (Minotaur Fighter)          Turns: 3225, Time: 00:13:43

Health: -1/56      AC:  9    Str: 23    XL:     6   Next: 19%
Magic:  6/6        EV:  8    Int:  5    God:    Okawaru [......]
Gold:   165        SH:  9    Dex:  9    Spells: 0 memorised, 5 levels left

rFire  . . .     SeeInvis .     a - +0 war axe
rCold  + . .     Gourm    .     r - +3 ring mail {rN+}
rNeg   + . .     Faith    .     c - +0 shield
rPois  .         Spirit   .     (helmet restricted)
rElec  .         Dismiss  .     (no cloak)
rCorr  .         Reflect  .     n - +0 pair of gloves
SustAt .         Harm     .     (no boots)
MR     .....                    (no amulet)
Stlth  ..........               (no ring)
                                h - ring of protection from cold

@: not resistant to hostile enchantments, extremely unstealthy
A: retaliatory headbutt, horns 2
a: Renounce Religion


You were on level 4 of the Dungeon.
You worshipped Okawaru.
Okawaru was noncommittal.
You were very hungry.

You visited 1 branch of the dungeon, and saw 4 of its levels.

You collected 165 gold pieces.

Inventory:

Hand Weapons
 a - a +0 war axe (weapon)
Armour
 c - a +0 shield (worn)
 n - a +0 pair of gloves (worn)
 r - a +3 ring mail of positive energy (worn)
Jewellery
 h - a ring of protection from cold (left hand)
Scrolls
 e - 2 scrolls of immolation
 i - 3 scrolls of identify
 j - 6 scrolls of fear
Potions
 d - 2 potions of might
 k - a potion of lignification
 l - a potion of cancellation
 p - a potion of curing {unknown}
Comestibles
 f - 3 bread rations
 g - a meat ration
 m - 2 royal jellies


   Skills:
 + Level 5.5 Fighting
 * Level 6.1 Axes
 - Level 3.6 Armour
 - Level 3.6 Shields
 + Level 1.9 Invocations


You had 5 spell levels left.
You didn't know any spells.

Dungeon Overview and Level Annotations

Branches:
Dungeon (4/15)
 Temple: D:4-7

Altars:
Okawaru
Yredelemnul


Innate Abilities, Weirdness & Mutations

You reflexively headbutt those who attack you in melee.
You have a pair of horns on your head.


Message History

You closely miss the ogre.
The ogre is severely wounded.
The ogre hits you with a giant club!! You block the ogre's attack.
You barely miss the ogre.
The ogre is severely wounded.
You barely miss the ogre. The ogre hits you with a giant club! x2
You slash the ogre! You headbutt the ogre.
You kill the ogre!
Okawaru accepts your kill.
Your Axes skill increases to level 6!
You have reached level 6!
Your experience leads to an increase in your attributes!
Increase (S)trength, (I)ntelligence, or (D)exterity?
You feel stronger.
Found 4 gold pieces.
Found a scroll of immolation.
You hit the ogre.
The ogre is lightly wounded.
The ogre hits you with a giant club!!
You die...

..............# ...
##+#....).....# .....#
#..######.....# ......
#.<.+...#.....# ..$...
##'##...'.....##+#......
....#####...............
.......................#
.......................#
...............O@......#
.......<......##########
..............#
....#####.....+ ....#
#.....# .... #.....#
#?..


You could see an ogre.

Vanquished Creatures
  An ice beast (D:3)
  An ogre (D:4)
  Ijyb (D:3)
  5 adders
  An ooze (D:3)
  A worm (D:2)
  2 dart slugs
  2 giant geckos
  An orc (D:3)
  A ball python (D:3)
  3 giant cockroaches
  6 goblins
  10 hobgoblins
  3 jackals (D:3)
  7 kobolds
  5 bats
  2 giant newts
  5 rats
57 creatures vanquished.

Notes
Turn   | Place    | Note
--------------------------------------------------------------
     0 | D:1      | TommyAtkins the Minotaur Fighter began the quest for the Orb.
     0 | D:1      | Reached XP level 1. HP: 19/19 MP: 0/0
   176 | D:1      | Reached skill level 3 in Axes
   217 | D:1      | Reached XP level 2. HP: 27/27 MP: 1/1
   974 | D:2      | You fall through a shaft!
   988 | D:3      | Reached XP level 3. HP: 24/33 MP: 2/2
   995 | D:3      | Reached skill level 4 in Axes
  1660 | D:2      | Found a basalt altar of Yredelemnul.
  1781 | D:2      | Reached XP level 4. HP: 40/41 MP: 3/3
  1821 | D:2      | Found an iron altar of Okawaru.
  1827 | D:2      | Became a worshipper of Warmaster Okawaru
  2461 | D:3      | Noticed Ijyb
  2483 | D:3      | Killed Ijyb
  2624 | D:3      | Noticed an ice beast
  2626 | D:3      | Reached skill level 5 in Axes
  2635 | D:3      | Killed an ice beast
  2635 | D:3      | Reached skill level 5 in Fighting
  2635 | D:3      | Reached skill level 1 in Invocations
  2635 | D:3      | Reached XP level 5. HP: 17/48 MP: 3/5
  3205 | D:4      | Noticed an ogre
  3208 | D:4      | Noticed an ogre
  3217 | D:4      | Killed an ogre
  3217 | D:4      | Reached skill level 6 in Axes
  3217 | D:4      | Reached XP level 6. HP: 18/56 MP: 6/6
  3225 | D:4      | Slain by an ogre

Skill      XL: |  1  2  3  4  5 |
---------------+----------------+-----
Axes           | 3 4 5 6 |  6.1
Fighting       | 4 5 |  5.5
Invocations    | 1 |  1.9
Armour         | |  3.6
Shields        | |  3.6

Action                   |  1- 3 |  4- 6 || total
-------------------------+-------+-------++-------
Melee: War axe           |    81 |    79 ||   160
       Headbutt          |    11 |    10 ||    21
  Use: Scroll            |     5 |     3 ||     8
  Eat: Chunk             |     3 |     3 ||     6
Armor: Scale mail        |    41 |    32 ||    73
Dodge: Dodged            |    44 |    25 ||    69
Block: Shield            |    44 |    41 ||    85
